TOP OF THE 1ST |
Butler HS Golden Tornado batting - Pitching for Santa Fe HS Chiefs : RHP José Martínez
|
Pitching: RHP José Martínez
|
|
Batting: LHB Byron McIlmoyle
|
0-0: SINGLE (Groundball, 34S)
|
Batting: RHB Keith Gamble
|
0-0: Ball 1-0: Fielders Choice at 2nd, 6-4 (Groundball, 6)
|
Batting: RHB Mike Morton
|
0-0: Grounds into double play, 6-4-3 (Groundball, 6)
|
Top of the 1st over - 0 run(s), 1 hit(s), 0 error(s), 0 left on base; Butler HS 0 - Santa Fe HS 0 |
BOTTOM OF THE 1ST |
Santa Fe HS Chiefs batting - Pitching for Butler HS Golden Tornado : RHP Alan Mobley
|
Pitching: RHP Alan Mobley
|
|
Batting: RHB William Todd
|
0-0: Ball 1-0: Called Strike 1-1: Ball 2-1: Swinging Strike 2-2: Ball 3-2: TRIPLE (Groundball, 5L)
|
Batting: RHB Thomas Barnes
|
0-0: Called Strike 0-1: Ball 1-1: Foul Ball, location: 2F 1-2: Ball 2-2: Fly out, F9 (Flyball, 9M) Runner from 3rd tags up, SCORES, no throw
|
Batting: LHB Derrek Robinson
|
0-0: Ball 1-0: Called Strike 1-1: SINGLE (Groundball, 56D)
|
Batting: RHB Juan Carlos Cruz
|
0-0: DOUBLE (Line Drive, 3D) Derrek Robinson to third
|
Batting: SHB Rick Hilton
|
0-0: Ball 1-0: Swinging Strike 1-1: Ball 2-1: Ball 3-1: Foul Ball, location: 2F 3-2: Strikes out looking
|
Batting: LHB Adrian Neal
|
0-0: Ball 1-0: Called Strike 1-1: Ball 2-1: Ball 3-1: Foul Ball, location: 2F 3-2: Fly out, F4 (Popup, 4M)
|
Bottom of the 1st over - 1 run(s), 3 hit(s), 0 error(s), 2 left on base; Butler HS 0 - Santa Fe HS 1 |
TOP OF THE 2ND |
Butler HS Golden Tornado batting - Pitching for Santa Fe HS Chiefs : RHP José Martínez
|
Batting: LHB Joe Vásquez
|
0-0: Fly out, F5 (Popup, 5F)
|
Batting: RHB Daniel Quintana
|
0-0: Ball 1-0: Called Strike 1-1: Ball 2-1: Ground out 6-3 (Groundball, 6)
|
Batting: LHB Curtis Hudson
|
0-0: Ball 1-0: Called Strike 1-1: Called Strike 1-2: Ball 2-2: Strikes out looking
|
Top of the 2nd over - 0 run(s), 0 hit(s), 0 error(s), 0 left on base; Butler HS 0 - Santa Fe HS 1 |
BOTTOM OF THE 2ND |
Santa Fe HS Chiefs batting - Pitching for Butler HS Golden Tornado : RHP Alan Mobley
|
Batting: RHB Carlos Gómez
|
0-0: Swinging Strike 0-1: Foul Ball, location: 2F 0-2: Foul Ball, location: 2F 0-2: Ball 1-2: Ball 2-2: Strikes out swinging
|
Batting: LHB Jason Rogers
|
0-0: SINGLE (Line Drive, 6MD)
|
Batting: RHB Brady Holland
|
0-0: Ball Jason Rogers is caught stealing 2nd base 1-0: Called Strike 1-1: DOUBLE (Groundball, 5D)
|
Batting: RHB William Todd
|
0-0: Called Strike 0-1: Swinging Strike 0-2: Ball 1-2: Ball 2-2: Strikes out swinging
|
Bottom of the 2nd over - 0 run(s), 2 hit(s), 0 error(s), 1 left on base; Butler HS 0 - Santa Fe HS 1 |
TOP OF THE 3RD |
Butler HS Golden Tornado batting - Pitching for Santa Fe HS Chiefs : RHP José Martínez
|
Batting: SHB Myles Hopkins
|
0-0: Ball 1-0: Ball 2-0: Foul Ball, location: 2F 2-1: Foul Ball, location: 2F 2-2: Foul Ball, location: 2F 2-2: Foul Ball, location: 2F 2-2: Strikes out looking
|
Batting: RHB Warren Thornton
|
0-0: Ball 1-0: Called Strike 1-1: Ball 2-1: Called Strike 2-2: Strikes out swinging
|
Batting: LHB Juan Díaz
|
0-0: Ground out 6-3 (Groundball, 6)
|
Top of the 3rd over - 0 run(s), 0 hit(s), 0 error(s), 0 left on base; Butler HS 0 - Santa Fe HS 1 |
BOTTOM OF THE 3RD |
Santa Fe HS Chiefs batting - Pitching for Butler HS Golden Tornado : RHP Alan Mobley
|
Batting: RHB Thomas Barnes
|
0-0: Fly out, F9 (Flyball, 9M)
|
Batting: LHB Derrek Robinson
|
0-0: Ground out 6-3 (Groundball, 6M)
|
Batting: RHB Juan Carlos Cruz
|
0-0: Ball 1-0: Reached on error, E4 (Groundball, 4M)
|
Batting: SHB Rick Hilton
|
0-0: Fielders Choice at 2nd, 6-4 (Groundball, 6MS)
|
Bottom of the 3rd over - 0 run(s), 0 hit(s), 1 error(s), 0 left on base; Butler HS 0 - Santa Fe HS 1 |
TOP OF THE 4TH |
Butler HS Golden Tornado batting - Pitching for Santa Fe HS Chiefs : RHP José Martínez
|
Batting: LHB Byron McIlmoyle
|
0-0: SINGLE (Flyball, 78S)
|
Batting: RHB Keith Gamble
|
0-0: Foul Ball, location: 2F 0-1: Ball 1-1: Ball 2-1: Ball 3-1: Reached on error, E5 (Groundball, 56S) Byron McIlmoyle to second
|
Batting: RHB Mike Morton
|
0-0: Ball 1-0: Called Strike 1-1: Foul Ball, location: 2F 1-2: Strikes out swinging
|
Batting: LHB Joe Vásquez
|
0-0: Ball 1-0: Swinging Strike 1-1: Ball 2-1: Foul Ball, location: 2F 2-2: Reached on error, E3 (Groundball, 3) Byron McIlmoyle to third Keith Gamble to second
|
Batting: RHB Daniel Quintana
|
0-0: SINGLE (Flyball, 78S) Byron McIlmoyle scores Keith Gamble to third Joe Vásquez to second Runner from 3rd tries for Home, throw and OUT!
|
Batting: LHB Curtis Hudson
|
0-0: Ball 1-0: Ball 2-0: Called Strike 2-1: Foul Ball, location: 2F 2-2: Foul Ball, location: 2F 2-2: Ball 3-2: SINGLE (Popup, 7LS) Joe Vásquez to third Daniel Quintana to second Joe Vásquez scores Daniel Quintana to third
|
Batting: SHB Myles Hopkins
|
0-0: Foul Ball, location: 2F 0-1: Foul Ball, location: 2F 0-2: Ground out 4-3 (Groundball, 34)
|
Top of the 4th over - 2 run(s), 3 hit(s), 2 error(s), 2 left on base; Butler HS 2 - Santa Fe HS 1 |
BOTTOM OF THE 4TH |
Santa Fe HS Chiefs batting - Pitching for Butler HS Golden Tornado : RHP Alan Mobley
|
Batting: LHB Adrian Neal
|
0-0: Ball 1-0: TRIPLE (Line Drive, 9LM)
|
Batting: RHB Carlos Gómez
|
0-0: Foul Ball, location: 2F 0-1: Swinging Strike 0-2: Fly out, F8 (Flyball, 8RM) Runner from 3rd tags up, SCORES, throw made
|
Batting: LHB Jason Rogers
|
0-0: Called Strike 0-1: Foul Ball, location: 2F 0-2: SINGLE (Line Drive, 8LS)
|
Batting: RHB Brady Holland
|
0-0: Ball 1-0: Foul Ball, location: 2F 1-1: Fly out, F8 (Flyball, 89M)
|
Batting: RHB William Todd
|
0-0: Ball 1-0: Ball 2-0: SINGLE (Groundball, 4MD) Jason Rogers to second
|
Batting: RHB Thomas Barnes
|
0-0: Called Strike 0-1: Swinging Strike 0-2: Ball 1-2: Ball 2-2: Strikes out looking
|
Bottom of the 4th over - 1 run(s), 3 hit(s), 0 error(s), 2 left on base; Butler HS 2 - Santa Fe HS 2 |
TOP OF THE 5TH |
Butler HS Golden Tornado batting - Pitching for Santa Fe HS Chiefs : RHP José Martínez
|
Batting: RHB Warren Thornton
|
0-0: Foul Ball, location: 2F 0-1: Fly out, F7 (Flyball, 7LM)
|
Batting: LHB Juan Díaz
|
0-0: Ball 1-0: Swinging Strike 1-1: Called Strike 1-2: Strikes out looking
|
Batting: LHB Byron McIlmoyle
|
0-0: Swinging Strike 0-1: Ball 1-1: Foul Ball, location: 2F 1-2: Hit by Pitch
|
Batting: RHB Keith Gamble
|
0-0: Ball 1-0: Called Strike 1-1: SINGLE (Groundball, 56D) Byron McIlmoyle to second
|
Batting: RHB Mike Morton
|
0-0: Ball 1-0: Swinging Strike 1-1: Ball 2-1: Foul Ball, location: 2F 2-2: Fly out, F8 (Flyball, 8RM)
|
Top of the 5th over - 0 run(s), 1 hit(s), 0 error(s), 2 left on base; Butler HS 2 - Santa Fe HS 2 |
BOTTOM OF THE 5TH |
Santa Fe HS Chiefs batting - Pitching for Butler HS Golden Tornado : RHP Alan Mobley
|
Batting: LHB Derrek Robinson
|
0-0: Ball 1-0: Ball 2-0: Swinging Strike 2-1: Ground out 1-3 (Groundball, 15)
|
Batting: RHB Juan Carlos Cruz
|
0-0: Swinging Strike 0-1: Foul Ball, location: 2F 0-2: Ball 1-2: Ball 2-2: Ball 3-2: Foul Ball, location: 2F 3-2: Fly out, F2 (Popup, 2RF)
|
Batting: SHB Rick Hilton
|
0-0: Foul Ball, location: 2F 0-1: SINGLE (Line Drive, 8LS)
|
Batting: LHB Adrian Neal
|
0-0: Called Strike 0-1: Called Strike 0-2: Ball 1-2: Foul Ball, location: 2F 1-2: Ground out 1-3 (Groundball, 15)
|
Bottom of the 5th over - 0 run(s), 1 hit(s), 0 error(s), 1 left on base; Butler HS 2 - Santa Fe HS 2 |
TOP OF THE 6TH |
Butler HS Golden Tornado batting - Pitching for Santa Fe HS Chiefs : RHP José Martínez
|
Batting: LHB Joe Vásquez
|
0-0: Ball 1-0: Ball 2-0: Ball 3-0: Called Strike 3-1: Base on Balls
|
Batting: RHB Daniel Quintana
|
0-0: Ball 1-0: Ground out 3-1 (Groundball, 34) Joe Vásquez to second
|
Batting: LHB Curtis Hudson
|
0-0: Fly out, F8 (Flyball, 8LM)
|
Batting: SHB Myles Hopkins
|
0-0: SINGLE (Line Drive, 7LS) Joe Vásquez to third
|
Pitching: RHP Jorge Morales
|
|
Batting: RHB Warren Thornton
|
0-0: Called Strike 0-1: Ball 1-1: Ball 2-1: Called Strike 2-2: Strikes out looking
|
Top of the 6th over - 0 run(s), 1 hit(s), 0 error(s), 2 left on base; Butler HS 2 - Santa Fe HS 2 |
BOTTOM OF THE 6TH |
Santa Fe HS Chiefs batting - Pitching for Butler HS Golden Tornado : RHP Alan Mobley
|
Pitching: LHP Rafael Martínez
|
|
Batting: RHB Carlos Gómez
|
0-0: Called Strike 0-1: Ball 1-1: Swinging Strike 1-2: Strikes out swinging
|
Batting: LHB Jason Rogers
|
0-0: Ground out 5-3 (Groundball, 56)
|
Batting: RHB Brady Holland
|
0-0: Foul Ball, location: 2F 0-1: Ground out 5-3 (Groundball, 5)
|
Bottom of the 6th over - 0 run(s), 0 hit(s), 0 error(s), 0 left on base; Butler HS 2 - Santa Fe HS 2 |
TOP OF THE 7TH |
Butler HS Golden Tornado batting - Pitching for Santa Fe HS Chiefs : RHP Jorge Morales
|
Batting: LHB Juan Díaz
|
0-0: Ball 1-0: Called Strike 1-1: Called Strike 1-2: Ball 2-2: Foul Ball, location: 2F 2-2: Foul Ball, location: 2F 2-2: Foul Ball, location: 2F 2-2: Foul Ball, location: 2F 2-2: Ball 3-2: Reached on error, E5 (Groundball, 5S)
|
Batting: LHB Byron McIlmoyle
|
0-0: Intentional Walk
|
Batting: RHB Keith Gamble
|
0-0: Called Strike 0-1: Foul Ball, location: 2F 0-2: Strikes out swinging
|
Batting: RHB Mike Morton
|
0-0: Ball 1-0: Swinging Strike 1-1: Called Strike 1-2: Ball 2-2: Foul Ball, location: 2F 2-2: Ball 3-2: Base on Balls Juan Díaz to third Byron McIlmoyle to second
|
Batting: LHB Joe Vásquez
|
0-0: Ball 1-0: Ball 2-0: Fly out, F4 (Line Drive, 4) 2-0: Fly out, F4 (Line Drive, 4)
|
Batting: RHB Daniel Quintana
|
0-0: Ball 1-0: SINGLE (Groundball, 13) (infield hit) Juan Díaz scores Byron McIlmoyle to third Mike Morton to second
|
Batting: LHB Curtis Hudson
|
0-0: Ball 1-0: Ball 2-0: Ball 3-0: Base on Balls Byron McIlmoyle scores Mike Morton to third Daniel Quintana to second
|
Batting: SHB Myles Hopkins
|
0-0: Called Strike 0-1: Ball 1-1: Foul Ball, location: 2F 1-2: Foul Ball, location: 2F 1-2: Strikes out swinging
|
Top of the 7th over - 2 run(s), 1 hit(s), 1 error(s), 3 left on base; Butler HS 4 - Santa Fe HS 2 |
BOTTOM OF THE 7TH |
Santa Fe HS Chiefs batting - Pitching for Butler HS Golden Tornado : LHP Rafael Martínez
|
Batting: RHB William Todd
|
0-0: Ball 1-0: Ground out 1-3 (Groundball, 15)
|
Batting: RHB Thomas Barnes
|
0-0: Foul Ball, location: 2F 0-1: Ball 1-1: Foul Ball, location: 2F 1-2: Foul Ball, location: 2F 1-2: Strikes out looking
|
Pitching: RHP Tom Allen
|
|
Batting: LHB Derrek Robinson
|
0-0: Swinging Strike 0-1: Ball 1-1: Ball 2-1: Ball 3-1: Base on Balls
|
Batting: RHB Juan Carlos Cruz
|
0-0: Ball 1-0: Fly out, F6 (Line Drive, 56)
|
Bottom of the 7th over - 0 run(s), 0 hit(s), 0 error(s), 1 left on base; Butler HS 4 - Santa Fe HS 2 |
TOP OF THE 8TH |
Butler HS Golden Tornado batting - Pitching for Santa Fe HS Chiefs : RHP Jorge Morales
|
Batting: RHB Warren Thornton
|
0-0: Ball 1-0: Called Strike 1-1: Fly out, F8 (Line Drive, 8LM)
|
Batting: LHB Juan Díaz
|
0-0: Ball 1-0: Ball 2-0: Ball 3-0: Base on Balls
|
Batting: LHB Byron McIlmoyle
|
0-0: Called Strike 0-1: Reached on error, E4 (Groundball, 4) Juan Díaz to second
|
Pitching: RHP Jorge Gómez
|
|
Batting: RHB Keith Gamble
|
0-0: Ball 1-0: Fly out, F9 (Line Drive, 89M) Runner from 2nd tags up, SAFE at 3rd with throw
|
Batting: RHB Mike Morton
|
0-0: Ball 1-0: Ball 2-0: Called Strike 2-1: Ball 3-1: Fly out, F3 (Popup, 3SF)
|
Top of the 8th over - 0 run(s), 0 hit(s), 1 error(s), 2 left on base; Butler HS 4 - Santa Fe HS 2 |
BOTTOM OF THE 8TH |
Santa Fe HS Chiefs batting - Pitching for Butler HS Golden Tornado : RHP Tom Allen
|
Batting: SHB Rick Hilton
|
0-0: Foul Ball, location: 2F 0-1: Ball 1-1: DOUBLE (Line Drive, 3L)
|
Pitching: RHP Ron Burns
|
|
Batting: LHB Adrian Neal
|
0-0: Ball 1-0: Swinging Strike 1-1: Ground out 3-1 (Groundball, 34S) Rick Hilton to third
|
Batting: RHB Carlos Gómez
|
0-0: Ball 1-0: Ball 2-0: Ground out 1-3 (Groundball, 15)
|
Pitching: LHP Pedro Infante
|
|
Batting: LHB Jason Rogers
|
0-0: Fly out, F6 (Popup, 6D)
|
Bottom of the 8th over - 0 run(s), 1 hit(s), 0 error(s), 1 left on base; Butler HS 4 - Santa Fe HS 2 |
TOP OF THE 9TH |
Butler HS Golden Tornado batting - Pitching for Santa Fe HS Chiefs : RHP Jorge Gómez
|
Pitching: LHP Rubén López
|
|
Batting: LHB Joe Vásquez
|
0-0: Ground out 1-3 (Groundball, 13S)
|
Batting: RHB Daniel Quintana
|
0-0: Ball 1-0: Ball 2-0: Ball 3-0: Base on Balls
|
Batting: LHB Curtis Hudson
|
0-0: Called Strike 0-1: Swinging Strike 0-2: Ball 1-2: Ball 2-2: Strikes out swinging
|
Batting: SHB Myles Hopkins
|
0-0: Called Strike 0-1: Foul Ball, location: 2F 0-2: Ball 1-2: Foul Ball, location: 2F 1-2: Ball 2-2: Ground out 4-3 (Groundball, 4)
|
Top of the 9th over - 0 run(s), 0 hit(s), 0 error(s), 1 left on base; Butler HS 4 - Santa Fe HS 2 |
BOTTOM OF THE 9TH |
Santa Fe HS Chiefs batting - Pitching for Butler HS Golden Tornado : LHP Pedro Infante
|
Pitching: RHP Steve Crowe
|
|
Now at 1B: Tom Copeland
|
|
Batting: RHB Brady Holland
|
0-0: Called Strike 0-1: Ball 1-1: Called Strike 1-2: Fly out, F9 (Flyball, 89M)
|
Batting: RHB William Todd
|
0-0: Swinging Strike 0-1: Ball 1-1: Ground out 6-3 (Groundball, 6)
|
Batting: RHB Thomas Barnes
|
0-0: Ball 1-0: Foul Ball, location: 2F 1-1: Ball 2-1: Ball 3-1: Foul Ball, location: 2F 3-2: Foul Ball, location: 2F 3-2: Foul Ball, location: 2F 3-2: Base on Balls
|
Batting: LHB Derrek Robinson
|
0-0: Ball 1-0: Ball 2-0: Foul Ball, location: 2F 2-1: SINGLE (Groundball, 5D) Thomas Barnes to second
|
Batting: RHB Juan Carlos Cruz
|
0-0: Ball 1-0: Ball 2-0: Called Strike 2-1: Fly out, F8 (Flyball, 8LM)
|
Bottom of the 9th over - 0 run(s), 1 hit(s), 0 error(s), 2 left on base; Butler HS 4 - Santa Fe HS 2 |
|